 Dungeon Crawl Stone Soup version 0.20.0 (webtiles) character file.

134 MatthieuS the Grave Robber (level 5, -5/38 HPs)
             Began as a Ghoul Necromancer on June 18, 2017.
             Killed by divine providence
             ... invoked by an orc priest
              (12 damage)
             ... on level 3 of the Dungeon.
             The game lasted 00:14:18 (3740 turns).

MatthieuS the Grave Robber (Ghoul Necromancer)      Turns: 3740, Time: 00:14:19

Health: -5/38      AC:  4    Str: 12    XL:     5   Next: 17%
Magic:  3/8        EV: 11    Int: 11    God:
Gold:   121        SH:  0    Dex:  9    Spells: 5/10 levels left

rFire    . . .     SeeInvis .   y - +3 short sword
rCold    + + .     Gourm    .   (no shield)
rNeg     + + +     Faith    .   d - +0 leather armour
rPois    ∞         Spirit   .   (no helmet)
rElec    .         Reflect  .   m - +0 cloak
rCorr    .         Harm     .   (no gloves)
MR       .....                  (no boots)
Stlth    +.........             (no amulet)
Regen    0.0/turn               (no ring)
MPRegen  0.2/turn               t - ring of protection from cold

@: rotting
A: rotting body, claws 1, carnivore 3, cold resistance 1, negative energy
resistance 3, inhibited regeneration, torment resistance, unbreathing
a: no special abilities


You were on level 3 of the Dungeon.
You were not hungry.

You visited 1 branch of the dungeon, and saw 4 of its levels.
You visited the Abyss 1 time.

You collected 121 gold pieces.

Inventory:

Hand Weapons
 y - a +3 short sword (weapon)
Missiles
 e - 5 tomahawks (quivered)
 f - 63 sling bullets
 j - 43 stones
Armour
 a - a +0 robe
 d - a +0 leather armour (worn)
 h - a cursed -1 helmet
 m - a +0 cloak (worn)
Jewellery
 t - a ring of protection from cold (right claw)
Scrolls
 o - a scroll of teleportation {unknown}
 v - a scroll of enchant weapon
 w - a scroll of identify
Potions
 g - a potion of invisibility
 i - 3 potions of agility {unknown}
 k - a potion of heal wounds {unknown}
 n - a potion of ambrosia {unknown}
 p - a potion of mutation {unknown}
 q - 2 potions of lignification {unknown}
 r - a potion of haste {unknown}
 u - a potion of flight {unknown}
Books
 b - a book of Necromancy

   Spells                             Type                      Level
   a - Pain                           Necromancy                   1
   b - Animate Skeleton               Necromancy                   1
   c - Vampiric Draining              Necromancy                   3
   d - Regeneration                   Charms/Necromancy            3
   e - Animate Dead                   Necromancy                   4
   f - Control Undead                 Necromancy                   4
 s - a book of Minor Magic

   Spells                             Type                      Level
   a - Magic Dart                     Conjuration                  1
   b - Blink                          Translocation                2
   c - Call Imp                       Summoning                    2
   d - Slow                           Hexes                        2
   e - Conjure Flame                  Conjuration/Fire             3
   f - Mephitic Cloud                 Conjuration/Poison/Air       3
 x - a book of Callings

   Spells                             Type                      Level
   a - Summon Small Mammal            Summoning                    1
   b - Call Imp                       Summoning                    2
   c - Call Canine Familiar           Summoning                    3
   d - Summon Guardian Golem          Hexes/Summoning              3
   e - Summon Lightning Spire         Summoning/Air                4
   f - Summon Ice Beast               Ice/Summoning                4
Comestibles
 c - 2 meat rations
 l - a chunk of flesh
 z - a royal jelly


   Skills:
 - Level 1.7 Dodging
 - Level 2.1 Stealth
 + Level 3.2 Spellcasting
 + Level 5.3 Necromancy


You had 5 spell levels left.
You knew the following spells:

 Your Spells              Type           Power        Failure   Level  Hunger
a - Pain                  Necr           ##..         3%          1    #......
b - Animate Skeleton      Necr           N/A          3%          1    #......
c - Vampiric Draining     Necr           ##........   11%         3    ###....


Dungeon Overview and Level Annotations

Branches:
Dungeon (4/15)
 Temple: D:4-7

Altars:
Sif Muna
Uskayaw
Xom


Innate Abilities, Weirdness & Mutations

Your body is rotting away.
You thrive on raw meat.
You are immune to poison.
You have sharp fingernails.
You are carnivorous and can eat meat at any time.
Your flesh is cold resistant. (rC+)
You are immune to negative energy. (rN+++)
You do not regenerate when monsters are visible.
You are immune to unholy pain and torment.
You can survive without breathing.


Message History

Press: ? - help, Shift-Dir - straight line, f/p - orc
Aim: an orc, wielding a hand axe (almost dead, chance to defeat MR: 83%)
The orc writhes in agony!
You kill the orc!
Casting: Pain
Confirm with . or Enter, or press ? or * to list all spells.
Aiming: Pain
Press: ? - help, Shift-Dir - straight line, f - orc
Aim: an orc, wielding a dagger (chance to defeat MR: 83%)
The orc writhes in agony!
Casting: Pain
Confirm with . or Enter, or press ? or * to list all spells.
Aiming: Pain
Press: ? - help, Shift-Dir - straight line, f/p - orc
Aim: an orc, wielding a dagger (severely wounded, chance to defeat MR: 83%)
The orc writhes in agony!
You kill the orc!
The orc priest calls down the wrath of Beogh upon you.
Beogh smites you!
You die...

#...#.#.# ##.##o#.# #......#
####o### #####.# .....o#####
.##...o.o.# .##.#####o#
############# .##.#####.###
#.@...).....#
.##.##...b..###)###.##.##.#
.##.......#.##...##.##.##.###
###.##.#..#.#....[#%##......#
#.......#.o.......#####.#.#
#.##.#.##.........#####.#.#
#.......##..............#.#
#.......###.....#########.##
###..#.#..# ##.....# ##...##


You could see an orc priest.

Vanquished Creatures
  3 gnolls (D:2)
  An adder (D:2)
  A worm (D:2)
  2 dart slugs (D:1)
  2 leopard geckos
  4 orcs
  6 bats
  7 giant cockroaches
  9 hobgoblins
  5 jackals (D:3)
  2 quokkas (D:3)
  5 frilled lizards
  9 goblins
  6 kobolds
  9 rats
71 creatures vanquished.

Vanquished Creatures (collateral kills)
  2 goblins (D:3)
  A hobgoblin (D:3)
  A jackal (D:3)
  A frilled lizard (D:3)
  A kobold (D:3)
6 creatures vanquished.

Grand Total: 77 creatures vanquished

Notes
Turn   | Place    | Note
-------+----------+-------------------------------------------
     0 | D:1      | MatthieuS the Ghoul Necromancer began the quest for the Orb.
     0 | D:1      | Reached XP level 1. HP: 14/14 MP: 2/2
   307 | D:1      | Reached XP level 2. HP: 4/20 MP: 0/4
   565 | D:1      | Learned a level 1 spell: Animate Skeleton
  1363 | D:1      | Reached XP level 3. HP: 26/26 MP: 3/5
  2151 | D:2      | Cast into level 1 of the Abyss (gnoll)
  2154 | D:2      | Escaped the Abyss
  2156 | D:2      | Reached XP level 4. HP: 30/33 MP: 0/7
  2171 | D:2      | Reached skill level 5 in Necromancy
  2235 | D:2      | Found a shimmering altar of Xom.
  2579 | D:2      | Learned a level 3 spell: Vampiric Draining
  2583 | D:2      | Found a faded altar of an unknown god.
  3128 | D:3      | Found a deep blue altar of Sif Muna.
  3277 | D:3      | Reached XP level 5. HP: 38/38 MP: 5/8
  3572 | D:3      | Found a hide-covered altar of Uskayaw.
  3740 | D:3      | Killed from afar by an orc priest

Skill      XL: |  1  2  3  4 |
---------------+-------------+-----
Spellcasting   | 2 3 |  3.2
Necromancy     | 5 |  5.3
Dodging        | |  1.7
Stealth        | |  2.1

Action                   |  1- 3 |  4- 6 || total
-------------------------+-------+-------++-------
Melee: Unarmed           |    72 |       ||    72
       Dagger            |    48 |    42 ||    90
       Spear             |       |    19 ||    19
       Short sword       |       |     1 ||     1
 Cast: Pain              |    60 |    46 ||   106
       Animate Skeleton  |       |     6 ||     6
  Use: Scroll            |     4 |     1 ||     5
 Stab: Invisible         |       |     1 ||     1
       Sleeping          |       |     2 ||     2
  Eat: Chunk             |     6 |     5 ||    11
Armor: Leather armour    |    47 |    36 ||    83
Dodge: Dodged            |    75 |    61 ||   136
